 Dungeon Crawl Stone Soup version 0.31-a0-196-g86fe4a5e66 (webtiles) character file.

Game seed: 4816915395605385781

22 Anon1729 the Trooper (level 2, 0/24 HPs)
             Began as a Mummy Monk on June 24, 2023.
             Killed from afar by Sigmund (9 damage)
             ... with a magic dart
             ... on level 2 of the Dungeon.
             The game lasted 00:00:41 (949 turns).

Anon1729 the Trooper (Mummy Monk)                    Turns: 949, Time: 00:00:41

Health: 0/24       AC:  3    Str: 14    XL:     2   Next: 68%
Magic:  2/2        EV: 17    Int:  9    God:
Gold:   61         SH:  0    Dex: 14    Spells: 1/1 levels left

rFire   x . .        a - +0 spear
rCold   + . .        c - orb {light}
rNeg    + + +        d - +0 leather armour
rPois   ∞            (no helmet)
rElec   .            (no cloak)
rCorr   .            (no gloves)
SInv    .            (no boots)
Will    .....        (no amulet)
Stlth   +            g - +5 ring of evasion
HPRegen 0.24/turn    (no ring)
MPRegen 0.08/turn

%: faith
@: glowing
A: cold resistance 1, negative energy resistance 3, torment resistance 2, heat
vulnerability 1, no potions, faith
a: no special abilities


You were on level 2 of the Dungeon.
You visited 1 branch of the dungeon, and saw 2 of its levels.

You collected 61 gold pieces.

Inventory:

Hand Weapons
 a - a +0 spear (weapon)
Armour
 b - a +0 robe
 c - an orb of light (worn)
 d - a +0 leather armour (worn)
Jewellery
 g - a +5 ring of evasion (left hand)
Scrolls
 e - a scroll of poison {unknown}
 f - a scroll of amnesia {unknown}
 h - a scroll of vulnerability {unknown}
 i - a scroll of identify {unknown}


   Skills:
 + Level 3.3 Fighting
 + Level 2.7 Polearms
 + Level 0.3 Armour
 + Level 2.7 Dodging


You had one spell level left.
You didn't know any spells.
Your spell library was empty.

Dungeon Overview and Level Annotations

Branches:
Dungeon (2/15)

Altars:

Annotations:
D:2 Sigmund


Innate Abilities, Weirdness & Mutations

You are immune to poison.
Your flesh is cold resistant. (rC+)
You are immune to negative energy. (rN+++)
You are immune to unholy pain and torment.
You are vulnerable to heat. (rF-)
You do not drink.
You have a special connection with the divine. (Faith)


Message History

Sigmund is moderately wounded.
You reach to attack!
You hit Sigmund.
Sigmund is heavily wounded.
Sigmund hits you from afar with a +0 scythe!
You reach to attack!
You hit Sigmund but do no damage.
Sigmund is heavily wounded.
Sigmund closely misses you.
You reach to attack!
You hit Sigmund.
Sigmund is heavily wounded.
You reach to attack!
You hit Sigmund.
Sigmund is heavily wounded.
Sigmund barely misses you.
You reach to attack!
You hit Sigmund.
Sigmund is severely wounded.
You reach to attack!
You hit Sigmund.
Sigmund is severely wounded.
Sigmund casts a spell.
Sigmund flickers and vanishes for a moment.
You reach to attack!
You hit Sigmund.
Sigmund is almost dead.
Sigmund looks at you with fury.
Sigmund points at you and mumbles some strange words.
The magic dart hits you.
You are too injured to fight recklessly!
You are too injured to fight recklessly!
You are too injured to fight recklessly!
You are too injured to fight recklessly!
You are too injured to fight recklessly!
You are too injured to fight recklessly!
You are too injured to fight recklessly!
You are too injured to fight recklessly!
You are too injured to fight recklessly!
Reach: a) +0 spear
Press: ? - help, Dir - move target, f/p - Sigmund
Aim: Sigmund, wielding a +0 scythe and wearing a +0 robe (almost dead, slightly transparent, haloed, about 23% to evade your +0 spear)
You reach to attack!
You hit Sigmund but do no damage.
Sigmund is almost dead.
Sigmund casts a spell at you. The magic dart hits you!
You die...

#..)...# #.###.##
#..<..# #.....#
#########.....#
#.............#
####.####.#......
.
#.###########....
#...@)@..........
#########........
....>....
#.........
#........#
#.)......#
#.......?#
#........#


You could see Sigmund (invisible).

Vanquished Creatures
  A dart slug (D:2)
  3 bats (D:1)
  5 endoplasms (D:1)
  A giant cockroach (D:1)
  4 goblins
  A frilled lizard (D:1)
  2 rats
17 creatures vanquished.

Notes
Turn   | Place    | Note
-------+----------+-------------------------------------------
     0 | D:1      | Anon1729 the Mummy Monk began the quest for the Orb.
     0 | D:1      | Reached XP level 1. HP: 18/18 MP: 1/1
   344 | D:1      | Reached XP level 2. HP: 24/24 MP: 2/2
   921 | D:2      | Noticed Sigmund
   949 | D:2      | Killed from afar by Sigmund

Illustrated notes

Levels and vault maps discovered:
D:1:      lemuel_arrival_cross, layout_loops_ring,
          nicolae_concentric_dashed_squares_mild, nicolae_figureground_pulse
D:2:      layout_basic, minmay_misc_feat_encased, kennysheep_generic_room_8,
          uniq_sigmund

Action                     || total
---------------------------++-------
  Melee: Spear             ||    61
 Armour: Robe              ||     4
         Leather armour    ||     4
  Dodge: Dodged            ||    23

Table legend: (Time is in decaauts)
 A = Elapsed time spent in this place.
 B = Non-inter-level travel time spent in this place.
 C = Inter-level travel time spent in this place.
 D = Time resting spent in this place.
 E = Time spent auto-exploring this place.
 F = Levels seen in this place.
 G = Mean time per level.
                   A        B        C        D        E       F      G
               +--------+--------+--------+--------+--------+-----+--------+
         Total |    946 |    856 |     90 |      0 |    728 |   2 |  473.0 |
       Dungeon |    946 |    856 |     90 |      0 |    728 |   2 |  473.0 |
               +--------+--------+--------+--------+--------+-----+--------+

Top non-repeatable levels by time:
     D:1: 888 daAuts
     D:2: 58 daAuts
